 Dungeon Crawl Stone Soup version 0.21.1-1-g345015f (webtiles) character file.

17755 bosm the Thaumaturge (level 12, -5/105 HPs)
             Began as a Naga Venom Mage on Apr 5, 2018.
             Was a High Priest of Vehumet.
             Slain by Frances
             ... wielding a +5 dire flail of protection
              (27 damage)
             ... on level 12 of the Dungeon.
             The game lasted 01:02:53 (12783 turns).

bosm the Thaumaturge (Naga Venom Mage)             Turns: 12783, Time: 01:02:54

Health: -5/105     AC: 12    Str: 11    XL:     12   Next: 51%
Magic:  5/27       EV:  7    Int: 25    God:    Vehumet [*****.]
Gold:   493        SH: 14    Dex: 14    Spells: 8/33 levels left

rFire    + + +     SeeInvis +   j - +14 obsidian axe {chop, +Fly SInv *Curse} (curse)
rCold    + + +     Gourm    .   q - +0 large shield
rNeg     + . .     Faith    .   t - +2 robe {rC+ rF+}
rPois    +         Spirit   .   E - +2 hat {MR+}
rElec    .         Reflect  .   F - scarf {rC+ rF+}
rCorr    .         Harm     .   A - +2 pair of gloves of the Blacksmith {rF+ rC+ rN+ Dex+2}
MR       ++...                  (no barding)
Stlth    ++........             w - amulet of magic regeneration
HPRegen  0.27/turn              o - ring of wizardry
MPRegen  0.45/turn              C - +5 ring of intelligence

@: mesmerised, very slow
A: large, see invisible, deformed body, mutation resistance 1, poison
resistance, slowness 2, slow metabolism 1, spit poison 1, AC +4
a: Spit Poison, Renounce Religion, Evoke Flight


You were on level 12 of the Dungeon.
You worshipped Vehumet.
Vehumet was extremely pleased with you.
You were near starving.

You visited 3 branches of the dungeon, and saw 15 of its levels.

You collected 835 gold pieces.
You spent 342 gold pieces at shops.

Inventory:

Hand Weapons
 e - a +0 short sword of flaming
 g - a +1 dagger of draining
 j - the cursed +14 obsidian axe (weapon) {chop, +Fly SInv *Curse}
   (You found it on level 6 of the Dungeon)

   It inflicts extra damage upon your enemies.
   It lets you see invisible.
   It lets you fly.
   It curses itself when equipped.
   It has a curse placed upon it.
 u - a +1 whip of flaming
Armour
 q - a +0 large shield (worn)
 t - a +2 robe of resistance (worn)
 v - a +0 buckler
 A - the +2 pair of gloves of the Blacksmith (worn) {rF+ rC+ rN+ Dex+2}
   (You bought it in a shop on level 4 of the Dungeon)

   It affects your dexterity (+2).
   It protects you from fire.
   It protects you from cold.
   It protects you from negative energy.
 E - a +2 hat of magic resistance (worn)
 F - a scarf of resistance (worn)
Jewellery
 o - a ring of wizardry (left hand)
 w - an amulet of magic regeneration (around neck)
 C - a +5 ring of intelligence (right hand)
 I - an uncursed ring of resist corrosion
Wands
 h - a wand of flame (37)
 J - a wand of digging (11)
Scrolls
 l - 7 scrolls of remove curse
 r - a scroll of identify
 s - 2 scrolls of enchant armour
 y - 3 scrolls of blinking
 B - 2 scrolls of amnesia
 G - a scroll of teleportation
 K - a scroll of fog
Potions
 a - 4 potions of curing
 d - 2 potions of might
 i - a potion of agility
 m - a potion of heal wounds
 H - a potion of flight
Books
 b - a Young Poisoner's Handbook

   Spells                             Type                      Level
   a - Sting                          Conjuration/Poison           1
   b - Poisonous Vapours              Poison/Air                   2
   c - Mephitic Cloud                 Conjuration/Poison/Air       3
   d - Olgreb's Toxic Radiance        Poison                       4
   e - Venom Bolt                     Conjuration/Poison           5
 f - a book of Enchantments

   Spells                             Type                      Level
   a - Cause Fear                     Hexes                        4
   b - Yara's Violent Unravelling     Hexes/Transmutation          5
   c - Silence                        Hexes/Air                    5
   d - Deflect Missiles               Charms/Air                   6
   e - Discord                        Hexes                        8
 p - a book of Changes

   Spells                             Type                      Level
   a - Beastly Appendage              Transmutation                1
   b - Sticks to Snakes               Transmutation                2
   c - Spider Form                    Transmutation/Poison         3
   d - Ice Form                       Ice/Transmutation            4
   e - Blade Hands                    Transmutation                5
 z - a book of Necromancy

   Spells                             Type                      Level
   a - Pain                           Necromancy                   1
   b - Animate Skeleton               Necromancy                   1
   c - Vampiric Draining              Necromancy                   3
   d - Regeneration                   Charms/Necromancy            3
   e - Animate Dead                   Necromancy                   4
   f - Borgnjor's Vile Clutch         Necromancy/Earth             5
 D - a book of Ice

   Spells                             Type                      Level
   a - Ice Form                       Ice/Transmutation            4
   b - Metabolic Englaciation         Hexes/Ice                    5
   c - Ozocubu's Refrigeration        Ice                          6
   d - Bolt of Cold                   Conjuration/Ice              6
   e - Freezing Cloud                 Conjuration/Ice/Air          6
   f - Simulacrum                     Ice/Necromancy               6
Comestibles
 c - 18 rations


   Skills:
 - Level 6.0 Fighting
 - Level 1.5 Dodging
 - Level 3.0 Stealth
 + Level 7.0 Shields
 * Level 11.3 Spellcasting
 * Level 9.3 Conjurations
 + Level 3.7 Earth Magic
 + Level 10.5 Poison Magic


You had 8 spell levels left.
You knew the following spells:

 Your Spells              Type           Power        Failure   Level  Hunger
a - Sting                 Conj/Pois      ####         1%          1    None
b - Olgreb's Toxic Radia  Pois           ######..     1%          4    None
c - Regeneration          Chrm/Necr      ##........   26%         3    None
d - Stone Arrow           Conj/Erth      #####.       1%          3    None
e - Venom Bolt            Conj/Pois      ######....   1%          5    ###....
s - Iron Shot             Conj/Erth      #####.....   24%         6    #####..
w - Mephitic Cloud        Conj/Pois/Air  #####...     1%          3    None


Dungeon Overview and Level Annotations

Branches:
Dungeon (12/15)            Temple (1/1) D:4            Lair (2/6) D:8
    Orc (0/2) D:12
  Swamp: Lair:2-4    Shoals: Lair:2-4     Snake: Lair:2-4    Spider: Lair:2-4

Altars:
Ashenzari
Cheibriados
Dithmenos
Elyvilon
Fedhas
Gozag
Hepliaklqana
Kikubaaqudgha
Makhleb
Nemelex Xobeh
Okawaru
Qazlal
Ru
Sif Muna
Trog
Uskayaw
Vehumet
Wu Jian
Xom
Yredelemnul
Zin
The Shining One

Shops:
D:4 [   D:5 [   D:12 }?

Annotations:
D:12 Frances


Innate Abilities, Weirdness & Mutations

You cannot wear boots.
Your serpentine skin is tough. (AC +4)
You have supernaturally acute eyesight. (SInv)
Armour fits poorly on your strangely shaped body.
Your system is resistant to poisons. (rPois)
You cover ground very slowly.
You have a slow metabolism.
You can spit poison.
You are somewhat resistant to further mutation.


Message History

The red devil hits you from afar with a trident.
Unknown command.
You slash Frances!
Frances is severely wounded.
Frances hits you with a dire flail of protection!
The red devil hits you from afar with a trident!!
You block Frances's attack.
The red devil hits you from afar with a trident.
Your shield prevents you from hitting Frances.
Frances is severely wounded.
You block Frances's attack.
Frances chants phrases taken from a devil's mouth.
You block the shard of ice.
The red devil hits you from afar with a trident!!
Frances hits you with a dire flail of protection!
* * * LOW HITPOINT WARNING * * *
You closely miss Frances.
Frances is severely wounded.
Frances hits you with a dire flail of protection!!
You die...

,,* ****** *8,
,,*********###....# *,,
,,,,,,,,,,,,......#***#######**,,
,,,,,,,,,,,,,......,,,......,,*,,
⌠,⌠,,,,,,****#)555#**##⌠.⌠#####8,
,∩,,,,,,,* #5555# #..∩.....#**
⌠,⌠***+*** *.344* #.⌠.⌠.....,,
,,,* *,* #####@#####.........,,
**,***,* #....@..............,,
*,,,,,* #.+########+..###..,,,
***********,*,,,,,,,,#..# *,,,,,
*,,,,,,,,,,,*,+****+,#..# *,,.,,
**,*********,*,*,,,,*,#.####...,,
,,,,,,,,,,,,,*,*,**,*,#........,,
**,********,,*,*,**,*,#..#.....**
*,*********,*,*,,,,*,#..#,..##*
*,*,,,,,,...#,+****+,#..#,,.#


You could see Frances, a rust devil, a ynoxinul, a red devil and 7 ufetubi.

Vanquished Creatures
  Josephine (D:10)
  Harold (D:10)
  Erica (D:10)
  2 two-headed ogres
  An unseen horror (D:11)
  Pikel (D:5)
  3 ugly things
  A moth of wrath (D:4)
  A black mamba (Lair:1)
  Psyche (D:8)
  3 spiny frogs
  2 rime drakes (Lair:1)
  4 hippogriffs
  Sigmund (D:2)
  A spriggan (D:10)
  4 wraiths (D:10)
  A wyvern (Lair:2)
  A yak (D:10)
  A steam dragon (D:11)
  A soldier ant (D:10)
  A water moccasin (D:9)
  A porcupine (Lair:1)
  3 orc warriors
  Duvessa (D:5)
  2 ice beasts
  4 sky beasts
  3 slaves (D:5)
  4 ogres
  7 centaurs
  3 crocodiles
  10 bullfrogs
  A wyvern zombie (D:7)
  Dowan (D:5)
  A water moccasin zombie (D:3)
  2 water moccasin skeletons
  13 killer bees
  9 wights
  A centaur zombie (D:9)
  11 crimson imps
  A bullfrog zombie (D:5)
  12 orc priests
  2 jellies
  A bullfrog skeleton (D:8)
  2 hounds
  16 orc wizards
  3 centaur skeletons
  Jessica (D:2)
  3 iguanas
  9 worker ants
  A worker ant zombie (D:7)
  7 gnolls
  10 adders
  A howler monkey skeleton (D:6)
  2 shadow imps
  2 oozes
  4 adder zombies
  An adder skeleton (D:4)
  4 worms
  A dart slug (D:2)
  7 leopard geckos
  32 orcs
  2 ball pythons
  10 giant cockroaches
  16 goblins
  14 hobgoblins
  8 jackals
  20 kobolds
  3 quokkas
  7 bats
  7 frilled lizards
  A jackal zombie (D:5)
  A leopard gecko skeleton (D:6)
  A leopard gecko zombie (D:7)
  A quokka zombie (D:5)
  11 rats
334 creatures vanquished.

Vanquished Creatures (collateral kills)
  The ghost of Shinoi the Basher, a journeyman VSFi of Okawaru (D:10)
  Nergalle (D:10)
  A komodo dragon (D:10)
  A troll (D:10)
  A hippogriff (Lair:1)
  2 yaks (D:10)
  A killer bee (D:9)
  2 crimson imps (D:9)
  A worker ant (D:10)
  A shadow imp (D:10)
  An orc (D:7)
13 creatures vanquished.

Vanquished Creatures (others)
  5 dream sheep (D:3)
  An adder zombie (D:5)
  A frilled lizard (D:5)
7 creatures vanquished.

Grand Total: 354 creatures vanquished

Notes
Turn   | Place    | Note
-------+----------+-------------------------------------------
     0 | D:1      | bosm the Naga Venom Mage began the quest for the Orb.
     0 | D:1      | Reached XP level 1. HP: 15/15 MP: 3/3
    61 | D:1      | Reached XP level 2. HP: 18/22 MP: 5/5
   370 | D:1      | Learned a level 2 spell: Poisonous Vapours
   387 | D:1      | Reached XP level 3. HP: 24/28 MP: 3/6
   671 | D:1      | Learned a level 3 spell: Mephitic Cloud
   886 | D:1      | Reached skill level 3 in Spellcasting
  1030 | D:2      | Reached XP level 4. HP: 35/36 MP: 8/8
  1503 | D:2      | Noticed Jessica
  1510 | D:2      | Killed Jessica
  1510 | D:2      | Reached skill level 5 in Poison Magic
  1510 | D:2      | Reached XP level 5. HP: 42/42 MP: 3/10
  1518 | D:2      | Learned a level 4 spell: Olgreb's Toxic Radiance
  1575 | D:2      | Noticed Sigmund
  1582 | D:2      | Killed Sigmund
  1582 | D:2      | Reached skill level 1 in Shields
  1582 | D:2      | Reached skill level 4 in Spellcasting
  1582 | D:2      | Reached XP level 6. HP: 49/49 MP: 2/12
  2571 | D:3      | Reached XP level 7. HP: 54/55 MP: 9/14
  2607 | D:3      | Found a radiant altar of Vehumet.
  2613 | D:3      | Became a worshipper of Vehumet
  2630 | D:3      | Found a deep blue altar of Sif Muna.
  2713 | D:3      | Found a shimmering altar of Xom.
  2713 | D:3      | Noticed a dream sheep
  2713 | D:3      | Noticed a dream sheep
  2713 | D:3      | Noticed a dream sheep
  2713 | D:3      | Noticed a dream sheep
  2713 | D:3      | Noticed a dream sheep
  2717 | D:3      | Killed a dream sheep
  2718 | D:3      | Killed a dream sheep
  2719 | D:3      | Killed a dream sheep
  2719 | D:3      | Killed a dream sheep
  2719 | D:3      | Killed a dream sheep
  2966 | D:4      | Noticed a moth of wrath
  2968 | D:4      | Found a bloodstained altar of Trog.
  3003 | D:4      | Killed a moth of wrath
  3003 | D:4      | Reached skill level 5 in Spellcasting
  3003 | D:4      | Reached XP level 8. HP: 62/62 MP: 1/16
  3130 | D:4      | Found a staircase to the Ecumenical Temple.
  3148 | Temple   | Entered the Ecumenical Temple
  3173 | D:4      | Found Quridiso's Antique Armour Shop.
  3287 | D:4      | Found a burning altar of Makhleb.
  3509 | D:5      | Entered Level 5 of the Dungeon
  3548 | D:5      | Reached skill level 6 in Spellcasting
  3613 | D:5      | Noticed Duvessa
  3613 | D:5      | Noticed Dowan
  3621 | D:5      | Killed Duvessa
  3621 | D:5      | Reached * piety under Vehumet
  3621 | D:5      | Offered knowledge of Freeze by Vehumet.
  3622 | D:5      | Killed Dowan
  4031 | D:5      | Learned a level 1 spell: Freeze
  4042 | D:5      | Noticed Pikel
  4062 | D:5      | Killed Pikel
  4062 | D:5      | Reached skill level 7 in Spellcasting
  4062 | D:5      | Reached skill level 5 in Conjurations
  4062 | D:5      | Reached XP level 9. HP: 68/68 MP: 9/19
  4261 | D:5      | Found Vyplaum's Armour Emporium.
  4265 | D:5      | Bought a cursed +0 buckler for 19 gold pieces
  4853 | D:6      | Offered knowledge of Magic Dart by Vehumet.
  4939 | D:6      | Reached ** piety under Vehumet
  5193 | D:6      | Found the cursed +14 obsidian axe {chop, +Fly SInv *Curse}
  5330 | D:6      | Found a stormy altar of Qazlal.
  5973 | D:7      | Reached skill level 1 in Fighting
  5998 | D:7      | Reached skill level 8 in Spellcasting
  6270 | D:7      | Offered knowledge of Stone Arrow by Vehumet.
  6278 | D:7      | Learned a level 3 spell: Stone Arrow
  6415 | D:7      | Reached *** piety under Vehumet
  6577 | D:4      | Bought a pair of distressingly furry gloves for 323 gold pieces
  6579 | D:4      | Identified the +2 pair of gloves of the Blacksmith {rF+ rC+ rN+ Dex+2} (You bought it in a shop on level 4 of the Dungeon)
  6695 | D:7      | Reached XP level 10. HP: 73/80 MP: 18/22
  6846 | D:7      | Noticed a red ugly thing
  6855 | D:7      | Killed a red ugly thing
  7286 | D:8      | Offered knowledge of Static Discharge by Vehumet.
  7297 | D:8      | Learned a level 5 spell: Venom Bolt
  7315 | D:8      | Noticed a two-headed ogre
  7321 | D:8      | Killed a two-headed ogre
  7321 | D:8      | Reached skill level 5 in Shields
  7335 | D:8      | Reached skill level 9 in Spellcasting
  7628 | D:8      | Found a staircase to the Lair.
  7802 | D:8      | Found a stormy altar of Qazlal.
  7850 | D:8      | Reached **** piety under Vehumet
  8056 | D:8      | Offered knowledge of Fulminant Prism by Vehumet.
  8133 | D:8      | Noticed Psyche
  8135 | D:8      | Killed Psyche
  8351 | D:9      | Gained mutation: You are somewhat resistant to further mutation. [potion of mutation]
  8367 | D:9      | Reached skill level 10 in Poison Magic
  8441 | D:9      | Found an opulent altar of Gozag.
  8751 | D:9      | Reached XP level 11. HP: 80/92 MP: 24/24
  9126 | D:10     | Entered Level 10 of the Dungeon
  9173 | D:10     | Noticed Erica
  9177 | D:10     | Killed Erica
  9177 | D:10     | Reached skill level 10 in Spellcasting
  9183 | D:10     | Reached ***** piety under Vehumet
  9356 | D:10     | Offered knowledge of Iron Shot by Vehumet.
  9378 | D:10     | Noticed Shinoi's ghost (journeyman VSFi)
  9381 | D:10     | Killed Shinoi's ghost
  9402 | D:10     | Learned a level 6 spell: Iron Shot
  9457 | D:10     | Reached skill level 5 in Fighting
  9483 | D:10     | Noticed Nergalle
  9493 | D:10     | Killed Nergalle
  9493 | D:10     | Reached skill level 1 in Earth Magic
  9537 | D:10     | Learned a level 3 spell: Regeneration
  9546 | D:10     | Noticed Harold
  9559 | D:10     | Killed Harold
  9790 | D:10     | Noticed Josephine
  9794 | D:10     | Killed Josephine
  9980 | D:10     | Found a shimmering altar of Xom.
 10161 | Lair:1   | Entered Level 1 of the Lair of Beasts
 10171 | Lair:1   | Reached XP level 12. HP: 40/104 MP: 11/26
 10897 | Lair:1   | Reached skill level 11 in Spellcasting
 11462 | Lair:2   | Found a bloodstained altar of Trog.
 11896 | D:11     | Noticed a two-headed ogre
 11899 | D:11     | Killed a two-headed ogre
 11997 | D:11     | Got a polished quarterstaff
 11998 | D:11     | Identified the +9 quarterstaff of Fedhas's Castigation {drain, +Rage rN+ Int-4 Dex+4} (You found it on level 11 of the Dungeon)
 12750 | D:12     | Found Reifuukk's Magic Scroll Shop.
 12761 | D:12     | Found Doroeniyll's Gadget Shoppe.
 12770 | D:12     | Noticed Frances
 12783 | D:12     | Slain by Frances

Skill      XL: |  1  2  3  4  5  6  7  8  9 10 11 12 |
---------------+-------------------------------------+-----
Spellcasting   | 3 4 5 7 8 9 10 11 | 11.3
Conjurations   | 2 3 5 6 7 8 9 |  9.3
Poison Magic   | 5 6 7 9 10 | 10.5
Shields        | 1 2 3 4 5 6 7 |  7.0
Fighting       | 1 4 5 6 |  6.0
Earth Magic    | 2 3 |  3.7
Dodging        | |  1.5
Stealth        | |  3.0

Action                   |  1- 3 |  4- 6 |  7- 9 | 10-12 || total
-------------------------+-------+-------+-------+-------++-------
Melee: Club              |     8 |       |       |       ||     8
       Unarmed           |     1 |       |       |       ||     1
       Short sword       |    17 |       |       |       ||    17
       Dagger            |    15 |    58 |   144 |       ||   217
       Whip              |       |       |   181 |       ||   181
       Broad axe         |       |       |    70 |   167 ||   237
 Cast: Sting             |    28 |    24 |    24 |       ||    76
       Poisonous Vapours |     3 |    16 |    32 |    10 ||    61
       Olgreb's Toxic Ra |       |     2 |    25 |    18 ||    45
       Mephitic Cloud    |       |       |     1 |     1 ||     2
       Freeze            |       |       |    10 |       ||    10
       Stone Arrow       |       |       |     9 |    43 ||    52
       Venom Bolt        |       |       |       |    43 ||    43
       Iron Shot         |       |       |       |    31 ||    31
 Abil: Spit Poison       |    15 |    10 |    21 |     1 ||    47
  Use: Scroll            |       |     6 |     9 |    10 ||    25
       Potion            |       |     1 |     3 |    10 ||    14
 Stab: Sleeping          |     2 |     2 |     2 |     6 ||    12
       Distracted        |       |       |       |     1 ||     1
       Confused          |       |       |       |     1 ||     1
  Eat: Chunk             |       |     6 |    13 |    18 ||    37
       Ration            |       |       |     1 |     4 ||     5
Armor: Robe              |    11 |    16 |   147 |    90 ||   264
Dodge: Dodged            |    28 |    45 |   172 |   107 ||   352
Block: Buckler           |       |       |    47 |    58 ||   105
       Large shield      |       |       |       |    42 ||    42
